 Dungeon Crawl Stone Soup version 0.26-a0-639-g72c4674329 (webtiles) character file.

Game seed: 2257638446336703128

63 Flugslaktarn the Skirmisher (level 3, 11/34 HPs)
             Began as a Minotaur Fighter on Sept 18, 2020.
             Quit the game on level 3 of the Dungeon.
             The game lasted 00:00:37 (907 turns).

Flugslaktarn the Skirmisher (Minotaur Fighter)       Turns: 907, Time: 00:00:38

Health: 11/34      AC:  8    Str: 21 (23) XL:     3   Next: 87%
Magic:  2/2        EV:  7    Int:  4 (5)  God:
Gold:   55         SH:  0    Dex:  8 (9)  Spells: 2/2 levels left

rFire    . . .     SeeInvis .   a - +0 war axe
rCold    . . .     Faith    .   c - +0 kite shield
rNeg     . . .     Spirit   .   b - +0 scale mail
rPois    .         Reflect  .   (helmet restricted)
rElec    .         Harm     .   (no cloak)
rCorr    .         Rampage  .   g - +0 pair of gloves
MR       .....                  (no boots)
Stlth    ..........             (no amulet)
HPRegen  0.11/turn              (no ring)
MPRegen  0.08/turn              (no ring)

@: confused, lethally poisoned (11 -> -31)
A: retaliatory headbutt, horns 2, talons 1, strong 1, wild magic 1
a: no special abilities


You were on level 3 of the Dungeon.
You visited 1 branch of the dungeon, and saw 3 of its levels.

You collected 55 gold pieces.

Inventory:

Hand Weapons
 a - a +0 war axe (weapon)
Armour
 b - a +0 scale mail (worn)
 c - a +0 kite shield (worn)
 g - a +0 pair of gloves (worn)
   (You found it on level 1 of the Dungeon)
Scrolls
 e - a scroll of identify {unknown}
Potions
 d - a potion of might
 f - a potion of degeneration


   Skills:
 * Level 4.4 Fighting
 * Level 3.5 Axes
 + Level 4.1 Armour
 + Level 4.0 Shields


You had 2 spell levels left.
You didn't know any spells.
Your spell library was empty.

Dungeon Overview and Level Annotations

Branches:
Dungeon (3/15)

Altars:


Innate Abilities, Weirdness & Mutations

You reflexively headbutt those who attack you in melee.
You have a pair of horns on your head.
You have sharp toenails.
Your muscles are strong. (Str +2)
Your spells are a little harder to cast, but a little more powerful.


Message History

You miss something.
You feel very sick.
You hear some strange, mumbled words.
You are confused.
The orc wizard looks braver for a moment.
Something hits you but does no damage.
You are more poisoned.
It was a potion of degeneration.
There was something very wrong with that liquid.
You feel weakened.
You feel dopey.
You feel clumsy.
You feel very sick. Something hits you but does no damage.
The orc wizard miscasts a cantrip.
It was a potion of mutation.
You feel extremely strange.
You feel stronger.
You feel less in control of your magic.
Your toenails lengthen and sharpen.
You feel very sick. Something hits you but does no damage.
You are more poisoned.
Unknown command.
Are you sure you want to abandon this character and quit the game? (Confirm with "yes".)

#.# ## #.#### ### .##
#....# #.. ... ####.#
#.####.# #.# #.##...
###.##### #.##.# .
.#.......# #.#..# ...
...#.###.###....###l....
................@{olg...
.....###.####...####....
.#.### #.# ##..# .
##.#####.# #.#.#
#.......# ##.##
######### . #. #.


You could see an orc wizard, 2 leopard geckos and a hobgoblin.

Vanquished Creatures
  3 adders (D:2)
  An orc (D:3)
  3 giant cockroaches (D:1)
  3 goblins (D:2)
  3 hobgoblins
  7 jackals
  3 kobolds
  2 quokkas (D:2)
  3 bats
  2 rats
30 creatures vanquished.

Notes
Turn   | Place    | Note
-------+----------+-------------------------------------------
     0 | D:1      | Flugslaktarn the Minotaur Fighter began the quest for the
                  | Orb.
     0 | D:1      | Reached XP level 1. HP: 19/19 MP: 0/0
   132 | D:1      | Reached XP level 2. HP: 16/27 MP: 1/1
   317 | D:2      | Reached XP level 3. HP: 9/33 MP: 2/2
   906 | D:3      | Gained mutation: Your muscles are strong. (Str +2) [potion
                  | of mutation]
   906 | D:3      | Gained mutation: Your spells are a little harder to cast,
                  | but a little more powerful. [potion of mutation]
   906 | D:3      | Gained mutation: You have sharp toenails. [potion of
                  | mutation]
   907 | D:3      | Quit the game

Illustrated notes

Levels and vault maps discovered:
D:1:      roderic_crossed_star, layout_loops_ring
D:2:      layout_basic, elyvilon_altar_4, kennysheep_generic_room_8,
          uniq_jessica
D:3:      layout_loops_corners, kennysheep_generic_room_12, uniq_terence

Skill      XL: |  1  2  3 |
---------------+----------+-----
Fighting       | 4 |  4.4
Axes           | 3 |  3.5
Armour         | 4 |  4.1
Shields        | 4 |  4.0

Action                   || total
-------------------------++-------
Melee: War axe           ||    70
       Headbutt          ||     5
  Use: Potion            ||     4
Armor: Scale mail        ||    42
Dodge: Dodged            ||    28
Block: Kite shield       ||    38

Table legend: (Time is in decaauts)
 A = Elapsed time spent in this place.
 B = Non-inter-level travel time spent in this place.
 C = Inter-level travel time spent in this place.
 D = Time resting spent in this place.
 E = Time spent auto-exploring this place.
 F = Levels seen in this place.
 G = Mean time per level.
                   A        B        C        D        E       F      G
               +--------+--------+--------+--------+--------+-----+--------+
         Total |    937 |    899 |     38 |    302 |    421 |   3 |  312.3 |
       Dungeon |    937 |    899 |     38 |    302 |    421 |   3 |  312.3 |
               +--------+--------+--------+--------+--------+-----+--------+

Top non-repeatable levels by time:
     D:1: 629 daAuts
     D:2: 233 daAuts
     D:3: 73 daAuts
